 Dungeon Crawl Stone Soup version 0.24-a0-585-g5c5dc1b5cb (webtiles) character file.

Game seed: 14768795606466158115, levelgen mode: deterministic

205 Mithandil the Conjurer (level 5, -2/29 HPs)
             Began as a Tengu Conjurer on Sept 7, 2019.
             Killed from afar by an orc wizard (7 damage)
             ... with a magic dart
             ... on level 4 of the Dungeon.
             The game lasted 00:13:28 (3308 turns).

Mithandil the Conjurer (Tengu Conjurer)             Turns: 3308, Time: 00:13:28

Health: -2/29      AC:  3    Str:  9    XL:     5   Next: 83%
Magic:  1/10       EV: 12    Int: 15    God:
Gold:   150        SH:  0    Dex: 15    Spells: 3/10 levels left

rFire    . . .     SeeInvis .   a - +2 rapier (venom)
rCold    . . .     Gourm    .   (no shield)
rNeg     . . .     Faith    .   v - +0 leather armour
rPois    .         Spirit   .   (helmet restricted)
rElec    .         Reflect  .   (no cloak)
rCorr    .         Harm     .   (no gloves)
MR       .....                  (boots unavailable)
Stlth    ++........             (no amulet)
HPRegen  0.09/turn              (no ring)
MPRegen  0.12/turn              (no ring)

@: no status effects
A: beak, talons 3, able to fly
a: Fly


You were on level 4 of the Dungeon.
You were hungry.

You visited 1 branch of the dungeon, and saw 5 of its levels.

You collected 150 gold pieces.

Inventory:

Hand Weapons
 a - a +2 rapier of venom (weapon)
 b - a +1 dagger of pain
Missiles
 f - 60 stones (quivered)
 l - 21 bolts
 m - 27 sling bullets
 n - 45 arrows
 s - 6 poisoned darts
Armour
 h - a +0 ring mail
 v - a +0 leather armour (worn)
Wands
 q - a wand of random effects (18)
Scrolls
 e - a scroll of amnesia {unknown}
 g - 4 scrolls of identify
 i - 2 scrolls of remove curse
 o - a scroll of enchant armour {unknown}
 r - a scroll of teleportation {unknown}
 t - a scroll of blinking {unknown}
 u - a scroll of fog
Potions
 d - a potion of curing
 j - 2 potions of might
 k - a potion of heal wounds
Comestibles
 c - 2 rations
 p - 6 chunks of flesh


   Skills:
 + Level 1.4 Fighting
 * Level 2.3 Short Blades
 + Level 2.9 Dodging
 + Level 2.7 Stealth
 * Level 3.0 Spellcasting
 * Level 6.5 Conjurations


You had 3 spell levels left.
You knew the following spells:

 Your Spells              Type           Power        Failure   Level  Hunger
a - Magic Dart            Conj           ###.         1%          1    #......
b - Searing Ray           Conj           ###...       3%          2    ##.....
c - Force Lance           Conj/Tloc      ##......     58%         4    #####..

Your spell library contained the following spells:

 Spells                   Type           Power        Failure   Level  Hunger
 Dazzling Spray           Conj/Hex       ##....       22%         3    ###....
 Iskenderun's Mystic Bla  Conj           ###.....     19%         4    #####..
 Fulminant Prism          Conj/Hex       ##........   58%         4    #####..


Dungeon Overview and Level Annotations

Branches:
Dungeon (5/15)
 Temple: D:4-7

Altars:

Annotations:
D:4 Menkaure


Innate Abilities, Weirdness & Mutations

You have a beak for a mouth.
You have claws for feet.
You can fly continuously.


Message History

Casting: Searing Ray (safe; 3% risk of failure)
Confirm with . or Enter, or press ? or * to list all spells.
Aiming: Searing Ray (safe; 3% risk of failure)
Press: ? - help, Shift-Dir - straight line, f - orc wizard
Aim: an orc wizard, wielding a +4 dagger and wearing a +0 robe The searing ray hits the orc wizard.
The orc wizard is moderately wounded. (Press . to maintain the ray.)
The orc wizard hits you but does no damage.
The searing ray hits the orc wizard.
The orc wizard is heavily wounded.
The orc wizard casts a spell at you. The puff of flame hits you!
* * * LOW HITPOINT WARNING * * *
Without enough magic to sustain it, your searing ray dissipates.
The orc wizard hits you with a +4 dagger.
* * * LOW HITPOINT WARNING * * *
The orc wizard points at you and mumbles some strange words.
The magic dart hits you!
You die...

# .. ...
....
.....
......###
.....oo@#
......###
....?
####


You could see an orc wizard and an orc.

Vanquished Creatures
  An orc priest (D:4)
  2 orc wizards (D:4)
  7 adders
  2 worms (D:3)
  2 dart slugs
  A leopard gecko (D:3)
  9 orcs
  5 bats
  3 giant cockroaches
  A hobgoblin (D:3)
  2 jackals (D:3)
  5 kobolds
  2 quokkas
  5 frilled lizards
  4 goblins
  2 rats
53 creatures vanquished.

Notes
Turn   | Place    | Note
-------+----------+-------------------------------------------
     0 | D:1      | Mithandil the Tengu Conjurer began the quest for the Orb.
     0 | D:1      | Reached XP level 1. HP: 10/10 MP: 4/4
   484 | D:1      | Reached XP level 2. HP: 11/15 MP: 4/6
  1270 | D:2      | Reached XP level 3. HP: 9/20 MP: 0/7
  1304 | D:2      | Reached skill level 1 in Short Blades
  1842 | D:2      | Learned a level 2 spell: Searing Ray
  1946 | D:2      | Reached XP level 4. HP: 24/24 MP: 3/8
  2003 | D:2      | Learned a level 4 spell: Force Lance
  2439 | D:4      | Reached skill level 1 in Fighting
  2439 | D:4      | Reached skill level 6 in Conjurations
  2528 | D:4      | Gained mutation: You can fly continuously. [Tengu growth]
  2528 | D:4      | Reached XP level 5. HP: 23/29 MP: 3/10
  2606 | D:5      | Entered Level 5 of the Dungeon
  2611 | D:4      | Noticed Menkaure
  3308 | D:4      | Killed from afar by an orc wizard

Levels and vault maps discovered:
D:1:      lightli_arrival_chessboard, layout_basic
D:2:      layout_basic
D:3:      minmay_octagon_keep, layout_basic, minmay_fractal_squares_gapless_5
D:4:      layout_basic, chequers_temple_overflow_statue_of_worship,
          first_ration, minivault_25, minmay_cupped, uniq_menkaure
D:5:      layout_loops_corners, minmay_temple_entry_arrows,
          chequers_serial_rivers_micro_b, serial_bayou_ford_a,
          fedhas_altar_fruit_tree, uniq_edmund

Skill      XL: |  1  2  3  4  5 |
---------------+----------------+-----
Short Blades   | 1 2 |  2.3
Fighting       | 1 |  1.4
Conjurations   | 6 |  6.5
Spellcasting   | 3 |  3.0
Dodging        | |  2.9
Stealth        | |  2.7

Action                   |  1- 3 |  4- 6 || total
-------------------------+-------+-------++-------
Melee: Short sword       |    23 |    53 ||    76
       Peck              |     1 |     7 ||     8
       Kick              |     3 |    12 ||    15
       Rapier            |       |     2 ||     2
 Cast: Magic Dart        |    37 |    35 ||    72
       Searing Ray       |     1 |     7 ||     8
  Use: Potion            |     8 |       ||     8
       Scroll            |     4 |     2 ||     6
  Eat: Ration            |     1 |       ||     1
       Chunk             |       |     5 ||     5
Armor: Ring mail         |    15 |    21 ||    36
       Robe              |     1 |       ||     1
       Leather armour    |       |     1 ||     1
Dodge: Dodged            |    17 |    36 ||    53

Table legend:
 A = Non-vault XP
 B = Vault XP
 C = Vault XP percentage of total XP
 D = Non-vault monster count
 E = Vault monster count
 F = Vault count percentage of total count
                 A         B        C        D         E       F
            +---------+---------+-------+---------+---------+-------
      Total |     241 |      52 |  17.7 |      45 |       8 |  15.1
            +---------+---------+-------+---------+---------+-------
        D:1 |      18 |       0 |   0.0 |      12 |       0 |   0.0
        D:2 |      66 |       0 |   0.0 |      12 |       0 |   0.0
        D:3 |      32 |      49 |  60.5 |      13 |       7 |  35.0
        D:4 |     125 |       3 |   2.3 |       8 |       1 |  11.1
            +---------+---------+-------+---------+---------+-------
